 Dungeon Crawl Stone Soup version 0.18.1-48-g4cf74bf (webtiles) character file.

179 dvd the Gusty (level 5, -1/31 HPs)
             Began as a High Elf Air Elementalist on Aug 13, 2016.
             Slain by an adder (3 damage)
             ... on level 4 of the Dungeon on Aug 14, 2016.
             The game lasted 00:13:04 (4117 turns).

dvd the Gusty (High Elf Air Elementalist)           Turns: 4117, Time: 00:13:05

Health: -1/31      AC:  5    Str: 13    XL:     5   Next: 33%
Magic:  1/11       EV: 13    Int: 24    God:
Gold:   92         SH:  0    Dex: 15    Spells: 3 memorised, 5 levels left

rFire  . . .     SeeInvis .     l - +0 short sword (holy)
rCold  . . .     Gourm    .     n - +2 animal skin
rNeg   . . .     Faith    .     (no shield)
rPois  .         Spirit   .     o - +0 helmet
rElec  .         Dismiss  .     (no cloak)
rCorr  .         Reflect  .     (no gloves)
SustAt .         Harm     .     (no boots)
MR     .....                    (no amulet)
Stlth  ++........               (no ring)
                                (no ring)

@: mighty, brilliant, lethally poisoned (-1 -> -6), very slightly contaminated,
repel missiles, not resistant to hostile enchantments, unstealthy
A: no striking features
a: no special abilities


You were on level 4 of the Dungeon.
You were not hungry.

You visited 1 branch of the dungeon, and saw 4 of its levels.

You collected 92 gold pieces.

Inventory:

Hand Weapons
 l - a +0 short sword of holy wrath (weapon)
 q - a +1 whip of electrocution
Missiles
 f - 97 arrows
Armour
 n - a +2 animal skin (worn)
 o - a +0 helmet (worn)
Scrolls
 a - a scroll of amnesia {unknown}
 g - 3 scrolls of fog {unknown}
 h - 2 scrolls of teleportation {unknown}
 j - a scroll of magic mapping {unknown}
 m - 3 scrolls of identify {unknown}
 p - a scroll of recharging {unknown}
Potions
 k - a potion of magic {unknown}
Books
 b - a book of Air

   Spells                             Type                      Level
   a - Shock                          Conjuration/Air              1
   b - Swiftness                      Charms/Air                   2
   c - Repel Missiles                 Charms/Air                   2
   d - Static Discharge               Conjuration/Air              3
   e - Lightning Bolt                 Conjuration/Air              5
Comestibles
 c - 2 bread rations
 d - 2 meat rations
 r - 3 chunks of flesh


   Skills:
 + Level 2.8 Dodging
 + Level 2.8 Stealth
 + Level 3.9 Spellcasting
 + Level 2.9 Conjurations
 + Level 4.9 Air Magic


You had 5 spell levels left.
You knew the following spells:

 Your Spells              Type           Power        Failure   Level  Hunger
a - Shock                 Conj/Air       ####         1%          1    None
b - Repel Missiles        Chrm/Air       ####..       1%          2    #......
c - Static Discharge      Conj/Air       #####...     1%          3    ##.....


Dungeon Overview and Level Annotations

Branches:
Dungeon (4/15)             Temple (0/1) D:4

Altars:
Nemelex Xobeh

Annotations:
D:3 dvd's ghost, amateur GrGl


Message History

Confirm with . or Enter, or press ? or * to list all spells.
You don't have enough magic to cast that spell.
Unknown command.
Unknown command.
You closely miss the adder.
The adder is almost dead.
The adder closely misses you. The adder bites you.
* * * LOW HITPOINT WARNING * * *
You are lethally poisoned!
The adder poisons you!
Drink which item? (? for menu, Esc to quit)
It was a potion of brilliance.
You feel clever all of a sudden.
* * * LOW HITPOINT WARNING * * *
You feel sick. The adder misses you.
Drink which item? (? for menu, Esc to quit)
It was a potion of might.
You feel very mighty all of a sudden. The adder bites you.
You die...

8.>.8. .....
#######.8.#
#.........
....#..#
...#..#######
#.#........#
#.S#.#####.
##@.....##
###.##..# ...
#..##.### .....
##......###.....
####.....#.....
##.[#.#.....
##.#.#.....
#.#.......
#.......#


You could see an adder.

Vanquished Creatures
  A worker ant (D:4)
  A hound skeleton (D:3)
  Robin (D:2)
  3 adders
  An ooze (D:2)
  4 worms
  2 dart slugs
  3 giant geckos
  A ball python (D:1)
  6 giant cockroaches
  15 goblins
  10 hobgoblins
  6 jackals
  8 kobolds
  7 bats
  7 giant newts
  7 rats
83 creatures vanquished.

Notes
Turn   | Place    | Note
--------------------------------------------------------------
     0 | D:1      | dvd the High Elf Air Elementalist began the quest for the Orb.
     0 | D:1      | Reached XP level 1. HP: 11/11 MP: 4/4
   141 | D:1      | Reached skill level 4 in Air Magic
   144 | D:1      | Reached XP level 2. HP: 12/17 MP: 0/6
   240 | D:1      | Learned a level 2 spell: Repel Missiles
   713 | D:1      | Reached XP level 3. HP: 21/21 MP: 5/8
   835 | D:1      | Learned a level 3 spell: Static Discharge
  1103 | D:2      | Noticed Robin
  1111 | D:2      | Killed Robin
  1490 | D:2      | Reached XP level 4. HP: 27/27 MP: 9/9
  1557 | D:2      | Found a sparkling altar of Nemelex Xobeh.
  2092 | D:3      | Noticed dvd's ghost (amateur GrGl)
  3123 | D:3      | Reached XP level 5. HP: 29/31 MP: 8/11
  4016 | D:4      | Found a staircase to the Ecumenical Temple.
  4117 | D:4      | Slain by an adder

Skill      XL: |  1  2  3 |
---------------+----------+-----
Air Magic      | 4 |  4.9
Spellcasting   | 3 |  3.9
Conjurations   | 2 |  2.9
Dodging        | |  2.8
Stealth        | |  2.8

Action                   |  1- 3 |  4- 6 || total
-------------------------+-------+-------++-------
Melee: Unarmed           |    29 |       ||    29
       Short sword       |    15 |    50 ||    65
 Cast: Shock             |    70 |    75 ||   145
       Repel Missiles    |     1 |     1 ||     2
       Static Discharge  |       |     9 ||     9
  Use: Potion            |       |     2 ||     2
 Stab: Sleeping          |     2 |     2 ||     4
  Eat: Chunk             |     2 |     5 ||     7
       Meat ration       |       |     1 ||     1
Armor: Robe              |    13 |       ||    13
       Animal skin       |     1 |    11 ||    12
Dodge: Dodged            |    46 |    49 ||    95
       Deflected         |     1 |     2 ||     3
